 Dungeon Crawl Stone Soup version 0.17-a0-1954-g0dddeaa (webtiles) character file.

100 truemonolith the Magician (level 4, -4/24 HPs)
             Began as a Deep Elf Conjurer on Oct 2, 2015.
             Slain by Grinder (9 damage)
             ... while paralysed by Grinder
             ... on level 3 of the Dungeon on Oct 3, 2015.
             The game lasted 00:09:13 (2874 turns).

truemonolith the Magician (Deep Elf Conjurer)       Turns: 2874, Time: 00:09:13

Health: -4/24      AC:  2    Str:  5    XL:     4   Next: 46%
Magic:  9/14       EV:  2    Int: 21    God:
Gold:   141        SH:  0    Dex: 15    Spells: 1 memorised, 15 levels left

rFire  . . .     SeeInvis .     i - +3 short sword
rCold  . . .     Clarity  .     a - +0 robe
rNeg   . . .     SustAt   .     (no shield)
rPois  .         Gourm    .     (no helmet)
rElec  .         Spirit   .     (no cloak)
rCorr  .         Warding  .     (no gloves)
rMut   .         Stasis   .     (no boots)
MR     .....                    (no amulet)
Stlth  ++........               (no ring)
                                (no ring)

@: paralysed, not resistant to hostile enchantments, unstealthy
A: mutation resistance 1
a: no special abilities


You were on level 3 of the Dungeon.
You were not hungry.

You visited 1 branch of the dungeon, and saw 3 of its levels.

You collected 141 gold pieces.

Inventory:

Hand weapons
 i - a +3 short sword (weapon)
Missiles
 j - 83 arrows
Armour
 a - a +0 robe (worn)
Scrolls
 e - a scroll of remove curse {unknown}
 g - 2 scrolls of blinking {unknown}
 l - a scroll of fog {unknown}
 m - a scroll of enchant weapon {unknown}
 n - a scroll of immolation {unknown}
Potions
 d - a potion of curing {unknown}
Books
 b - a book of Conjurations

   Spells                             Type                      Level
   a - Magic Dart                     Conjuration                  1
   b - Searing Ray                    Conjuration                  2
   c - Dazzling Spray                 Conjuration/Hexes            3
   d - Fulminant Prism                Conjuration/Hexes            4
   e - Iskenderun's Mystic Blast      Conjuration                  4
   f - Iskenderun's Battlesphere      Conjuration/Charms           5
Comestibles
 c - 3 bread rations


   Skills:
 - Level 2.4 Dodging
 - Level 2.4 Stealth
 + Level 6.5 Spellcasting
 - Level 4.3 Conjurations


You had 15 spell levels left.
You knew the following spells:

 Your Spells              Type           Power        Failure   Level  Hunger
a - Magic Dart            Conj           ####         1%          1    None


Dungeon Overview and Level Annotations

Branches:
Dungeon (3/15)

Altars:

Annotations:
D:3 Grinder, Terence


Innate Abilities, Weirdness & Mutations

You are somewhat resistant to further mutation.


Message History

Aiming: Magic Dart
Press: ? - help, Shift-Dir - straight line, f/p - Terence
Aim: Terence, wielding a trident and wearing a scale mail (moderately wounded)
The magic dart hits Grinder.
Grinder is lightly wounded.
Grinder hits you.
You writhe in agony.
You writhe in agony.
Casting: Magic Dart
Confirm with . or Enter, or press ? or * to list all spells.
Aiming: Magic Dart
Press: ? - help, Shift-Dir - straight line, f/p - Terence
Aim: Terence, wielding a trident and wearing a scale mail (moderately wounded)
The magic dart hits Grinder.
Grinder is moderately wounded.
Terence hits you from afar with a trident!
Grinder gestures at you.
You suddenly lose the ability to move!
Terence hits you from afar with a trident.
* * * LOW HITPOINT WARNING * * *
Grinder hits you!
You die...

#.#. #.#. ...#
#..# #..#
#..####)##.#
#..@5@K...#
##..####.###
#.....##.#
#...#.##.#
#.#...##.#
#.....##.#
#######..##.#
#........##.#
#.###.<..##.######


You could see Grinder, Terence and a kobold.

Vanquished Creatures
  5 adders (D:2)
  3 giant geckos
  2 ball pythons
  A giant cockroach (D:1)
  5 hobgoblins
  9 bats
  A giant newt (D:1)
  11 goblins
  9 kobolds
  8 rats
54 creatures vanquished.

Notes
Turn   | Place    | Note
--------------------------------------------------------------
     0 | D:1      | truemonolith the Deep Elf Conjurer began the quest for the Orb.
     0 | D:1      | Reached XP level 1. HP: 10/10 MP: 6/6
    75 | D:1      | Upgraded the game from 0.17-a0-1951-g62301d3 to 0.17-a0-1954-g0dddeaa
   209 | D:1      | Reached XP level 2. HP: 12/15 MP: 1/8
   949 | D:1      | Reached XP level 3. HP: 15/19 MP: 7/11
  1091 | D:1      | Reached skill level 5 in Spellcasting
  1950 | D:2      | Reached XP level 4. HP: 8/24 MP: 3/13
  1960 | D:2      | Gained mutation: You are somewhat resistant to further mutation. [potion of mutation]
  1970 | D:2      | HP: 1/24 [poisoned by an adder]
  2393 | D:2      | Reached skill level 6 in Spellcasting
  2867 | D:3      | Noticed Terence
  2870 | D:3      | Noticed Grinder
  2873 | D:3      | Paralysed by Grinder for 5 turns
  2874 | D:3      | Slain by Grinder

Vault maps used:
D:1:      dpeg_arrival_stone_temple_mockup, minmay_unequal
D:2:      first_bread
D:3:      nicolae_tso_swordbearing_angel, uniq_grinder, uniq_terence

Action                   |  1- 3 |  4- 6 || total
-------------------------+-------+-------++-------
Melee: Short sword       |     4 |     2 ||     6
       Unarmed           |     1 |       ||     1
 Cast: Magic Dart        |    78 |    22 ||   100
  Use: Potion            |       |     4 ||     4
 Stab: Sleeping          |       |     1 ||     1
  Eat: Chunk             |     2 |     1 ||     3
       Bread ration      |       |     1 ||     1
